 Dungeon Crawl Stone Soup version 0.28.0-45-g0d030f2227 (webtiles) character file.

Game seed: 6986456410963345259

1955 boopmooplesden the Carver (level 8, -1/69 (73) HPs)
             Began as a Minotaur Berserker on Apr 19, 2022.
             Was a Priest of Trog.
             Slain by a wight
             ... wielding a +0 halberd
              (3 damage)
             ... on level 7 of the Dungeon.
             The game lasted 00:04:57 (4352 turns).

boopmooplesden the Carver (Minotaur Berserker)      Turns: 4352, Time: 00:04:57

HP:   -1/69 (73)    AC: 10    Str: 26    XL:     8   Next: 99%
MP:   7/7           EV: 10    Int:  8    God:    Trog [***...]
Gold: 287           SH:  0    Dex: 12    Spells: 7/7 levels left

rFire   + . .      SeeInvis .   d - +1 long sword of Gofy {vorpal, rF+ Str+4 Int+4}
rCold   . . .      Faith    .   (no shield)
rNeg    . . .      Spirit   .   c - +0 chain mail
rPois   .          Reflect  .   (helmet restricted)
rElec   .          Harm     .   (no cloak)
rCorr   .          Rampage  .   (no gloves)
Will    .....                   (no boots)
Stlth   ..........              (no amulet)
HPRegen 0.21/turn               (no ring)
MPRegen 0.10/turn               (no ring)

@: about to teleport, on berserk cooldown, slowed, drained, very slow
A: horns 2, retaliatory headbutt
a: Renounce Religion, Berserk, Trog's Hand


You were on level 7 of the Dungeon.
You worshipped Trog.
Trog was most pleased with you.
You visited 1 branch of the dungeon, and saw 7 of its levels.

You collected 287 gold pieces.

Inventory:

Hand Weapons
 a - a +1 falchion
 d - the +1 long sword of Gofy (weapon) {vorpal, rF+ Str+4 Int+4}
   (You found it on level 2 of the Dungeon)

   It inflicts extra damage upon your enemies.
   Str:       It affects your strength (+4).
   Int:       It affects your intelligence (+4).
   rF:        It protects you from fire.
Missiles
 u - 6 boomerangs (quivered)
Armour
 b - a +0 animal skin
 c - a +0 chain mail (worn)
 f - a +0 plate armour
Jewellery
 s - a ring of magical power
Wands
 l - a wand of paralysis (11)
 r - a wand of digging (3)
 t - a wand of iceblast (13)
Scrolls
 e - 2 scrolls of vulnerability {unknown}
 i - a scroll of teleportation
 k - a scroll of enchant weapon
 n - a scroll of blinking {unknown}
Potions
 g - a potion of might {unknown}
 h - a potion of cancellation {unknown}
 j - 2 potions of curing
 m - 2 potions of heal wounds
 o - 2 potions of attraction {unknown}
 p - a potion of flight {unknown}
 q - a potion of mutation {unknown}


   Skills:
 + Level 7.0 Fighting
 + Level 10.4 Long Blades
 + Level 7.5 Armour
 + Level 3.5 Dodging
 + Level 1.1 Stealth


You had 7 spell levels left.
You didn't know any spells.
Your spell library was empty.

Dungeon Overview and Level Annotations

Branches:
Dungeon (7/15)             Temple (0/1) D:6

Altars:
Dithmenos
Fedhas
Ru
Wu Jian

Shops:
D:3 (   D:4 *(


Innate Abilities, Weirdness & Mutations

You have a pair of horns on your head.
You reflexively headbutt those who attack you in melee.


Message History

The wight barely misses you.
Items here: ( )) [[ †.
You closely miss the wight. The wight closely misses you.
You hit the wight.
The wight is lightly damaged.
The wight hits you with a +2 dire flail.
You feel drained.
The wight hits you from afar with a +0 halberd!
* * * LOW HITPOINT WARNING * * *
You hear a shout!
You slice the wight!!
You destroy the wight!
Trog accepts your kill. The wight barely misses you.
An orc wizard comes into view. It is wielding a +0 dagger.
You are no longer berserk.
You are exhausted.
You feel yourself slow down.
The orc wizard shouts!
The wight hits you with a +3 hand axe.
* * * LOW HITPOINT WARNING * * *
You feel drained. The wight barely misses you.
Things that are here:
a +2 dire flail; a +0 robe The wight barely misses you.
The wight closely misses you. The wight barely misses you.
The wight closely misses you.
Items here: ( )) [[ †.
The wight hits you with a +3 hand axe.
* * * LOW HITPOINT WARNING * * *
The orc wizard gestures wildly while chanting.
The orc wizard flickers and vanishes!
Deactivating autopickup; reactivate with Ctrl-A.
Things that are here:
a +0 long sword; a +0 robe
As you read the scroll of teleportation, it crumbles to dust.
You feel strangely unstable.
The wight hits you from afar with a +0 halberd.
* * * LOW HITPOINT WARNING * * *
You feel drained.
You die...

≈≈≈≈≈≈≈≈≈≈≈≈..#
≈≈≈≈≈≈≈≈......###
≈≈≈≈≈≈≈.......... ##
.....≈≈........## .#
....≈≈.......#... ..
.....≈........# .#
#....†..##.# .##
.....#####....####..####.
... ######.zzz@........ .
(.......{####...>.##
.........# ####.#
.........# .......$.#
....$....# ......!...
.......... .#.......


You could see 3 wights.

Vanquished Creatures
  Pikel (D:4)
  A wyvern (D:4)
  A sky beast (D:5)
  An ice beast (D:5)
  An orc warrior (D:7)
  A necrophage (D:5)
  2 lemures (D:4)
  A phantom (D:6)
  2 scorpions
  2 wights (D:7)
  A howler monkey (D:4)
  2 orc priests
  3 hounds
  A bullfrog skeleton (D:5)
  4 iguanas
  Ijyb (D:5)
  Natasha (D:2)
  An orc wizard (D:6)
  A scorpion zombie (D:5)
  2 howler monkey zombies
  8 gnolls
  A howler monkey skeleton (D:4)
  7 adders
  2 ufetubi
  2 adder skeletons
  A worm (D:3)
  A dart slug (D:4)
  9 orcs
  6 bats
  2 endoplasms
  2 giant cockroaches (D:2)
  7 goblins
  4 hobgoblins
  8 jackals (D:2)
  2 quokkas (D:3)
  7 ball pythons
  4 kobolds
  3 rats
106 creatures vanquished.

Notes
Turn   | Place    | Note
-------+----------+-------------------------------------------
     0 | D:1      | boopmooplesden the Minotaur Berserker began the quest for
                  | the Orb.
     0 | D:1      | Reached XP level 1. HP: 19/19 MP: 0/0
   227 | D:1      | You fall into a shaft and drop 1 floor!
   312 | D:2      | Reached XP level 2. HP: 27/27 MP: 1/1
   495 | D:2      | Reached skill level 4 in Long Blades
   503 | D:2      | Identified the +1 long sword of Gofy {vorpal, rF+ Str+4
                  | Int+4}
   626 | D:2      | Noticed Natasha
   631 | D:2      | Killed Natasha
   632 | D:2      | Reached XP level 3. HP: 31/34 MP: 2/2
   996 | D:3      | Reached ** piety under Trog
  1162 | D:3      | Reached XP level 4. HP: 41/41 MP: 3/3
  1411 | D:3      | Found Riomen's Weapon Boutique.
  1447 | D:3      | Reached skill level 5 in Long Blades
  1754 | D:3      | Reached XP level 5. HP: 44/44 MP: 4/4
  2060 | D:4      | Reached skill level 5 in Fighting
  2097 | D:4      | Noticed a lemure
  2119 | D:4      | Killed a lemure
  2221 | D:4      | Noticed a lemure
  2222 | D:4      | Noticed Pikel
  2222 | D:4      | Noticed a lemure
  2223 | D:4      | Noticed a lemure
  2235 | D:4      | Killed a lemure
  2241 | D:4      | Killed Pikel
  2242 | D:4      | Reached skill level 7 in Long Blades
  2242 | D:4      | Reached skill level 5 in Armour
  2242 | D:4      | Reached XP level 6. HP: 57/57 MP: 5/5
  2242 | D:4      | Reached XP level 7. HP: 62/62 MP: 6/6
  2392 | D:4      | Found a large runed translucent door.
  2393 | D:4      | Found a large runed translucent door.
  2488 | D:4      | Found Piplukuh's Weapon Shop.
  2489 | D:4      | Found Huuluz's Assorted Antiques.
  2489 | D:4      | Noticed a wyvern
  2497 | D:4      | Killed a wyvern
  2498 | D:4      | Reached skill level 8 in Long Blades
  2612 | D:4      | Reached *** piety under Trog
  2789 | D:4      | Found a blossoming altar of Fedhas.
  2798 | D:4      | Found a shadowy altar of Dithmenos.
  2958 | D:4      | Found a sacrificial altar of Ru.
  2968 | D:4      | Found an ornate altar of the Wu Jian Council.
  3161 | D:5      | Entered Level 5 of the Dungeon
  3175 | D:5      | Reached XP level 8. HP: 70/70 MP: 7/7
  3372 | D:5      | Reached skill level 1 in Stealth
  3560 | D:5      | Noticed Ijyb
  3567 | D:5      | Killed Ijyb
  3568 | D:5      | Reached skill level 9 in Long Blades
  4109 | D:6      | Found a staircase to the Ecumenical Temple.
  4337 | D:7      | Reached skill level 10 in Long Blades
  4352 | D:7      | HP: 2/71 [wight/+0 halberd (6)]
  4352 | D:7      | Slain by a wight

Illustrated notes

Levels and vault maps discovered:
D:1:      dpeg_arrival_renting, layout_loops_ring, ebering_ecumenical_altar_box
D:2:      layout_rooms, serial_forest, infiniplex_forest_clump_medium,
          infiniplex_forest_lined_corner, infiniplex_forest_zigzag_1,
          infiniplex_forest_lined_2, infiniplex_forest_end_2,
          infiniplex_forest_clump_curved, uniq_natasha
D:3:      kb_forest_paths, layout_basic, serial_shops,
          nicolae_shop_bloodbath_and_beyond
D:4:      layout_loops_ring, jmf_multi_god_temple2, mainiacjoe_overflow_swirl,
          nicolae_wooded_promenade, grunt_ministairs_8, uniq_pikel
D:5:      layout_basic, grunt_ministairs_6, uniq_ijyb
D:6:      layout_loops_ring, temple_fountains
D:7:      layout_rooms, serial_shops, shop, lemuel_old_faithful

Skill      XL: |  1  2  3  4  5  6  7  8 |
---------------+-------------------------+-----
Fighting       | 4 5 6 7 |  7.0
Long Blades    | 4 5 7 8 10 | 10.4
Armour         | 3 5 6 7 |  7.5
Dodging        | 3 |  3.5
Stealth        | 1 |  1.1

Action                   |  1- 3 |  4- 6 |  7- 9 || total
-------------------------+-------+-------+-------++-------
Melee: Falchion          |    25 |       |       ||    25
       Headbutt          |     8 |     7 |    18 ||    33
       Long sword        |    14 |    76 |   129 ||   219
       Punch             |       |       |     1 ||     1
Invok: Berserk           |       |     1 |     4 ||     5
  Use: Scroll            |       |       |     7 ||     7
Armor: Animal skin       |     4 |       |       ||     4
       Chain mail        |    15 |    42 |    66 ||   123
Dodge: Dodged            |    26 |    34 |    69 ||   129
